 Dungeon Crawl Stone Soup version 0.27.1-2-g3b301248ec (webtiles) character file.

Game seed: 2017404392287188092

6027 nxtlvl the Cleaver (level 11, -15/90 HPs)
             Began as a Formicid Monk on Sept 24, 2021.
             Was a Follower of Uskayaw.
             Killed by refrigeration
             ... invoked by Fannar
              (25 damage)
             ... on level 1 of the Orcish Mines.
             The game lasted 00:41:22 (4485 turns).

nxtlvl the Cleaver (Formicid Monk)                  Turns: 4485, Time: 00:41:23

Health: -15/90     AC: 16    Str: 15    XL:     11   Next: 11%
Magic:  16/16      EV:  5    Int: 17    God:    Uskayaw [*.....]
Gold:   732        SH:  5    Dex: 16    Spells: 10/10 levels left

rFire    . . .     SeeInvis +   b - +2 hand axe (vamp)
rCold    . . .     Faith    .   d - +0 buckler
rNeg     . . .     Spirit   .   c - +1 plate armour
rPois    +         Reflect  .   (helmet unavailable)
rElec    .         Harm     .   f - +0 cloak
rCorr    .         Rampage  .   e - +0 pair of gloves
Will     +....                  (no boots)
Stlth    ..........             i - amulet of regeneration
HPRegen  1.25/turn              g - +6 ring of intelligence
MPRegen  0.15/turn              M - ring of poison resistance

@: mighty, studying Fighting
A: permanent stasis, dig shafts and tunnels, antennae 3, four strong arms
a: Dig, Shaft Self, Renounce Religion, Stomp


You were on level 1 of the Orcish Mines.
You worshipped Uskayaw.
Uskayaw was noncommittal.
You visited 3 branches of the dungeon, and saw 12 of its levels.
You also visited: Sewer.

You collected 732 gold pieces.

Inventory:

Hand Weapons
 a - a +4 hand axe
 b - a +2 vampiric hand axe (weapon)
 y - a +0 shortbow
Missiles
 q - 133 arrows
 s - 14 poisoned darts (quivered)
 x - 57 bolts
 H - 2 curare-tipped darts
Armour
 c - a +1 plate armour (worn)
 d - a +0 buckler (worn)
 e - a +0 pair of gloves (worn)
 f - a +0 cloak (worn)
Jewellery
 g - a +6 ring of intelligence (left hand)
 i - an amulet of regeneration (around neck)
 E - a ring of wizardry
 M - a ring of poison resistance (right hand)
Wands
 v - a wand of paralysis (6)
 z - a wand of iceblast (9)
 C - a wand of acid (4)
 F - a wand of polymorph (17)
 K - a wand of mindburst (2)
Scrolls
 h - a scroll of fear {unknown}
 j - a scroll of magic mapping {unknown}
 k - 4 scrolls of fog
 l - 4 scrolls of enchant armour
 m - a scroll of enchant weapon
 w - a scroll of vulnerability {unknown}
 B - a scroll of acquirement {unknown}
 D - 3 scrolls of noise {unknown}
 I - a scroll of brand weapon
 J - a scroll of teleportation {unknown}
 N - a scroll of holy word
Potions
 o - 2 potions of mutation
 p - 6 potions of haste
 r - 3 potions of might
 t - a potion of brilliance
 A - a potion of berserk rage
 G - a potion of experience {unknown}
 L - a potion of lignification {unknown}
Miscellaneous
 u - a phial of floods (inert)


   Skills:
 + Level 9.9 Fighting
 * Level 11.5 Axes
 + Level 6.0 Armour
 - Level 2.6 Dodging
 - Level 2.4 Stealth
 - Level 2.4 Shields
 + Level 7.1 Invocations
 + Level 4.3 Evocations


You had 10 spell levels left.
You didn't know any spells.
Your spell library contained the following spells:

 Spells                   Type           Power      Damage    Failure   Level
 Fireball                 Conj/Fire      0%         3d3       100%        5
 Iskenderun's Battlesphe  Conj           0%         2d6       100%        5
 Conjure Ball Lightning   Conj/Air       0%         3x3d6     100%        6
 Orb of Destruction       Conj           0%         N/A       100%        7
 Borgnjor's Revivificati  Necr           0%         N/A       100%        8
 Necromutation            Tmut/Necr      0%         N/A       100%        8
 Death's Door             Necr           0%         N/A       100%        9


Dungeon Overview and Level Annotations

Branches:
Dungeon (10/15)            Temple (1/1) D:4            Lair (0/6) D:8
    Orc (1/2) D:9           Sewer (visited)

Altars:
Ashenzari
Cheibriados
Dithmenos
Elyvilon
Fedhas
Gozag
Kikubaaqudgha
Makhleb
Nemelex Xobeh
Okawaru
Qazlal
Ru
Sif Muna
Trog
Uskayaw
Vehumet
Wu Jian
Xom
Yredelemnul
Zin
The Shining One

Shops:
D:10 *

Portals:
Volcano: Orc:1

Annotations:
Orc:1 Fannar


Innate Abilities, Weirdness & Mutations

You cannot be hasted, slowed, berserked, paralysed or teleported.
You can dig through walls and to a lower floor.
You have a pair of large antennae on your head. (SInv)
Your four strong arms can wield two-handed weapons with a shield.


Message History

* * * LOW HITPOINT WARNING * * *
Unknown command.
You dig through the rock wall.
You feel much better.
You feel very mighty all of a sudden. Fannar hits you but does no damage.
Fannar hits you with a +0 quarterstaff of freezing.
Fannar freezes you.
You retract your mandibles.
You hit Fannar.
You feel better.
Fannar is lightly wounded.
Fannar gestures wildly while chanting.
Your plate armour prevents you from hitting Fannar.
Fannar is lightly wounded.
Fannar hits you but does no damage.
You hit Fannar.
Fannar is lightly wounded.
You block Fannar's attack.
Your plate armour prevents you from hitting Fannar.
Fannar is lightly wounded.
You block Fannar's attack.
You hit Fannar.
Fannar is lightly wounded.
Fannar hits you with a +0 quarterstaff of freezing.
Fannar freezes you.
You closely miss Fannar.
Fannar is lightly wounded.
Fannar hits you with a +0 quarterstaff of freezing.
Fannar freezes you.
Your plate armour prevents you from hitting Fannar.
Fannar is lightly wounded.
Fannar hits you with a +0 quarterstaff of freezing.
Fannar freezes you.
Your plate armour prevents you from hitting Fannar.
Fannar is lightly wounded.
Fannar points at you and mumbles some strange words.
The bolt of cold hits you!!
* * * LOW HITPOINT WARNING * * *
Fannar mumbles some strange words.
Fannar drains the heat from the surrounding environment!
You die...

#....## $... ###...##
#.... ..## ##
##....##.... ...#
###.##.........#
...#.#.....##...e....#
.#...#......#.#......#
.##.....
#...{##.##...# #
#....###.#..#e## #.##
###....#......^#@# ##
.##...........####
###......##..##
.#...#......##
.....###...## ....##
##.## #.### ##.# #.#
##.## #.## ##.## ###


You could see Fannar (fast).

Vanquished Creatures
  A lindwurm (Orc:1)
  An ugly thing (D:9)
  Maurice (D:9)
  A troll (Orc:1)
  Prince Ribbit (D:5)
  A wraith (D:9)
  A wyvern (D:5)
  2 vampire mosquitoes (D:5)
  A warg (Orc:1)
  2 acid dragons
  2 water moccasins (D:6)
  2 orc warriors (Orc:1)
  A hornet zombie (D:6)
  A black bear (D:4)
  2 sky beasts (D:7)
  2 necrophages
  4 ogres
  3 centaurs
  A phantom (D:6)
  A gnoll sergeant (D:10)
  4 bullfrogs
  A water moccasin zombie (D:7)
  A water moccasin skeleton (D:7)
  8 killer bees
  3 howler monkeys (D:10)
  3 wights (D:6)
  A bullfrog zombie (D:7)
  A hound (D:5)
  4 jellies
  2 iguanas (D:6)
  7 orc priests
  7 orc wizards
  A killer bee zombie (D:8)
  5 gnolls (D:10)
  10 adders
  6 river rats
  A shadow imp (D:6)
  An adder skeleton (D:5)
  3 worms
  3 dart slugs (D:3)
  26 orcs
  18 ball pythons
  A bat (D:3)
  7 endoplasms
  5 giant cockroaches
  6 goblins
  5 hobgoblins
  4 jackals (D:1)
  2 quokkas
  6 frilled lizards
  6 kobolds
  26 rats
215 creatures vanquished.

Vanquished Creatures (others)
  An orc (D:6)
1 creature vanquished.

Grand Total: 216 creatures vanquished

Notes
Turn   | Place    | Note
-------+----------+-------------------------------------------
     0 | D:1      | nxtlvl the Formicid Monk began the quest for the Orb.
     0 | D:1      | Reached XP level 1. HP: 18/18 MP: 1/1
   123 | D:1      | Reached XP level 2. HP: 16/24 MP: 2/2
   268 | D:2      | Reached skill level 4 in Axes
   268 | D:2      | Reached XP level 3. HP: 19/29 MP: 3/3
   603 | D:3      | Found a glowing drain.
   614 | D:3      | Reached XP level 4. HP: 33/35 MP: 4/4
   641 | Sewer    | Entered a sewer
   667 | Sewer    | Reached skill level 5 in Axes
   758 | Sewer    | Reached XP level 5. HP: 25/41 MP: 5/5
  1029 | Sewer    | Noticed a bullfrog
  1046 | Sewer    | Killed a bullfrog
  1047 | Sewer    | Reached skill level 6 in Axes
  1047 | Sewer    | Reached XP level 6. HP: 35/47 MP: 6/6
  1209 | D:3      | Reached skill level 7 in Axes
  1280 | D:3      | Noticed an ogre
  1297 | D:3      | Killed an ogre
  1298 | D:3      | Reached XP level 7. HP: 25/52 MP: 7/7
  1618 | D:4      | Reached skill level 1 in Shields
  1635 | D:4      | Found a staircase to the Ecumenical Temple.
  1644 | Temple   | Entered the Ecumenical Temple
  1768 | Temple   | Became a worshipper of Uskayaw the Reveller
  1768 | Temple   | Reached * piety under Uskayaw
  1805 | D:4      | You fall into a shaft and drop 2 floors!
  1856 | D:6      | Reached ** piety under Uskayaw
  1865 | D:6      | Reached skill level 8 in Axes
  1866 | D:6      | Reached *** piety under Uskayaw
  1867 | D:6      | Reached **** piety under Uskayaw
  1922 | D:6      | Reached skill level 1 in Invocations
  1930 | D:6      | Found a broken altar of Ashenzari.
  1969 | D:6      | Noticed a water moccasin
  1977 | D:6      | Killed a water moccasin
  1978 | D:6      | Reached XP level 8. HP: 60/60 MP: 7/9
  2036 | D:6      | Reached ***** piety under Uskayaw
  2037 | D:6      | Reached skill level 5 in Fighting
  2110 | D:5      | Entered Level 5 of the Dungeon
  2114 | D:5      | Reached skill level 1 in Armour
  2146 | D:5      | Noticed Prince Ribbit
  2171 | D:5      | Killed Prince Ribbit
  2172 | D:5      | Reached skill level 9 in Axes
  2201 | D:5      | Reached XP level 9. HP: 33/69 MP: 4/11
  2614 | D:6      | Reached skill level 10 in Axes
  2842 | D:6      | Reached skill level 5 in Invocations
  2941 | D:7      | Reached skill level 1 in Evocations
  3128 | D:7      | Reached XP level 10. HP: 80/80 MP: 12/14
  3262 | D:7      | Found a glowing golden altar of the Shining One.
  3263 | D:7      | Found a blossoming altar of Fedhas.
  3533 | D:8      | Found a staircase to the Lair.
  3533 | D:8      | Noticed a death yak
  3533 | D:8      | Noticed a death yak
  3535 | D:8      | Noticed a death yak
  3536 | D:8      | You fall into a shaft and drop 2 floors!
  3536 | D:10     | Entered Level 10 of the Dungeon
  3636 | D:10     | Found Gacseaho's Assorted Antiques.
  3819 | D:10     | Reached skill level 5 in Armour
  3910 | D:9      | Noticed a brown ugly thing
  3928 | D:9      | Killed a brown ugly thing
  3928 | D:9      | Noticed Maurice
  3929 | D:9      | Reached skill level 11 in Axes
  3945 | D:9      | Killed Maurice
  4006 | D:9      | Found a staircase to the Orcish Mines.
  4019 | Orc:1    | Entered Level 1 of the Orcish Mines
  4272 | Orc:1    | Reached XP level 11. HP: 86/90 MP: 16/16
  4391 | Orc:1    | Found a dark tunnel.
  4391 | Orc:1    | Noticed a lindwurm
  4419 | Orc:1    | Killed a lindwurm
  4467 | Orc:1    | Noticed Fannar
  4485 | Orc:1    | Killed from afar by Fannar

Illustrated notes

Levels and vault maps discovered:
D:1:      dpeg_arrival_arbitrary_b, layout_loops_ring, basic_ecumenical_altar,
          minmay_hexomino_r4
D:2:      layout_basic, hangedman_decor_opposing
D:3:      layout_basic, portal_sewer_entry_a
D:4:      layout_cave_pods, minmay_temple_entry_waves, minmay_ruptured
D:5:      layout_basic, chequers_mini_garden, uniq_prince_ribbit1
D:6:      layout_loops_ring, mainiacjoe_overflow_boulevard,
          minmay_tree_intersection, minmay_starry_boxes
D:7:      layout_loops_corners, gammafunk_temple_overflow_claw, st_stairs_2
D:8:      layout_basic, dpeg_lair_monsters
D:9:      layout_basic, orc_0_dummy, uniq_maurice
D:10:     layout_layer_cave, serial_shops, nicolae_shop_crystal
Temple:   dpeg_five_rooms_temple
Orc:1:    layout_diamond_mine, nicolae_volcano_entry_vermiform,
          minmay_orc_temple_b, uniq_fannar

Skill      XL: |  1  2  3  4  5  6  7  8  9 10 11 |
---------------+----------------------------------+-----
Axes           | 4 5 6 7 8 9 10 11 | 11.5
Shields        | 2 |  2.4
Invocations    | 1 3 5 6 7 |  7.1
Fighting       | 4 6 8 9 |  9.9
Armour         | 2 4 5 6 |  6.0
Evocations     | 1 4 |  4.3
Dodging        | |  2.6
Stealth        | |  2.4

Action                   |  1- 3 |  4- 6 |  7- 9 | 10-12 || total
-------------------------+-------+-------+-------+-------++-------
Melee: Hand axe          |    98 |   253 |   362 |   358 ||  1071
Throw: Dart              |    14 |       |     9 |       ||    23
Invok: Stomp             |       |       |     6 |     1 ||     7
 Abil: Dig               |     6 |    14 |    16 |    21 ||    57
       Shaft Self        |       |       |       |     1 ||     1
Evoke: Wand              |       |       |     1 |    10 ||    11
       Phial of floods   |       |       |       |     1 ||     1
  Use: Potion            |       |     3 |       |     2 ||     5
       Scroll            |       |     3 |     6 |       ||     9
 Stab: Paralysed         |       |       |    12 |    39 ||    51
Armor: Plate armour      |    48 |   149 |   185 |   152 ||   534
Dodge: Dodged            |    18 |    40 |    67 |    56 ||   181
Block: Buckler           |       |       |    55 |    61 ||   116
